 Dungeon Crawl Stone Soup version 0.22.0-27-ga576289 (webtiles) character file.

67 Greyaxe the Shield-Bearer (level 4, 0/40 HPs)
             Began as a Minotaur Fighter on Aug 21, 2018.
             Killed from afar by Sigmund (13 damage)
             ... with a puff of flame
             ... on level 2 of the Dungeon.
             The game lasted 00:07:03 (1349 turns).

Greyaxe the Shield-Bearer (Minotaur Fighter)        Turns: 1349, Time: 00:07:03

Health: 0/40       AC:  8    Str: 20 (22) XL:     4   Next: 0%
Magic:  3/3        EV:  7    Int:  5      God:    Xom [..*...]
Gold:   31         SH:  0    Dex:  7 (9)  Spells: 3/3 levels left

rFire    . . .     SeeInvis .   a - +0 war axe
rCold    . . .     Gourm    .   c - +0 shield
rNeg     . . .     Faith    .   b - +1 scale mail
rPois    .         Spirit   .   (helmet restricted)
rElec    .         Reflect  .   (no cloak)
rCorr    .         Harm     .   (no gloves)
MR       .....                  (no boots)
Stlth    ..........             (no amulet)
HPRegen  0.13/turn              (no ring)
MPRegen  0.08/turn              (no ring)

@: confused
A: retaliatory headbutt, horns 2
a: Renounce Religion


You were on level 2 of the Dungeon.
You worshipped Xom.
You were a toy of Xom.
You were not hungry.

You visited 1 branch of the dungeon, and saw 2 of its levels.

You collected 31 gold pieces.

Inventory:

Hand Weapons
 a - a +0 war axe (weapon)
Armour
 b - a +1 scale mail (worn)
 c - a +0 shield (worn)
Wands
 f - a wand of flame (15)
Potions
 d - a potion of might
 e - a potion of heal wounds {unknown}
 g - a potion of berserk rage {unknown}


   Skills:
 + Level 3.9 Fighting
 + Level 3.3 Axes
 + Level 4.2 Armour
 + Level 0.3 Dodging
 + Level 4.6 Shields


You had 3 spell levels left.
You didn't know any spells.
Your spell library was empty.

Dungeon Overview and Level Annotations

Branches:
Dungeon (2/15)

Altars:
Ashenzari
Xom

Annotations:
D:2 Sigmund


Innate Abilities, Weirdness & Mutations

You reflexively headbutt those who attack you in melee.
You have a pair of horns on your head.


Message History

You miss something.
You hear some strange, mumbled words.
A puff of flame appears from out of thin air!
The puff of flame hits you!
You closely miss something.
You hear some strange, mumbled words.
You are confused.
Something hits you.
You hear some strange, mumbled words.
A magic dart appears from out of thin air!
The magic dart hits you! Something hits you but does no damage.
Found an inky potion.
You hear some strange, mumbled words.
Something tries to affect you, but you resist.
You hear some strange, mumbled words.
A puff of flame appears from out of thin air!
The puff of flame hits you!
You die... "This toy is broken."

. .. ######... #.......#
######## ###.#......
...... ........... ....
.##.#.....# ..#
.##.############.#
.##.............@#...
..............{..).....#
.#########...........#.#
.# #.#######.#.# ## #.#
.# !. # #%# .# .. #.# #
. #.# #.#


There were no monsters in sight!

Vanquished Creatures
  Crazy Yiuf (D:2)
  An ooze (D:1)
  3 dart slugs
  2 leopard geckos (D:1)
  A ball python (D:1)
  2 bats
  A giant cockroach (D:1)
  4 goblins (D:1)
  3 hobgoblins (D:1)
  2 frilled lizards (D:1)
  5 kobolds (D:1)
  3 rats
28 creatures vanquished.

Vanquished Creatures (others)
  4 toadstools (D:1)
4 creatures vanquished.

Grand Total: 32 creatures vanquished

Notes
Turn   | Place    | Note
-------+----------+-------------------------------------------
     0 | D:1      | Greyaxe the Minotaur Fighter began the quest for the Orb.
     0 | D:1      | Reached XP level 1. HP: 19/19 MP: 0/0
    50 | D:1      | Reached XP level 2. HP: 12/27 MP: 1/1
   567 | D:1      | Found a shattered altar of Ashenzari.
   802 | D:1      | Reached XP level 3. HP: 33/33 MP: 2/2
  1187 | D:2      | Found a runed door.
  1191 | D:2      | Noticed Crazy Yiuf
  1195 | D:2      | Killed Crazy Yiuf
  1294 | D:2      | Found a faded altar of an unknown god.
  1308 | D:2      | Reached XP level 4. HP: 34/40 MP: 3/3
  1310 | D:2      | Became a worshipper of Xom of Chaos
  1324 | D:2      | Noticed Sigmund
  1349 | D:2      | Killed from afar by Sigmund

Skill      XL: |  1  2  3 |
---------------+----------+-----
Shields        | 4 |  4.6
Armour         | 4 |  4.2
Axes           | 3 |  3.3
Fighting       | |  3.9
Dodging        | |  0.3

Action                   |  1- 3 |  4- 6 || total
-------------------------+-------+-------++-------
Melee: War axe           |    69 |    15 ||    84
       Headbutt          |     9 |     4 ||    13
  Use: Scroll            |     3 |       ||     3
       Potion            |     2 |       ||     2
  Eat: Ration            |     1 |       ||     1
Armor: Scale mail        |    23 |     3 ||    26
Dodge: Dodged            |    23 |     1 ||    24
Block: Shield            |    36 |     7 ||    43
